AoeStats
← NoWallingPlz

Arabian Desert

509371228Analyzed
1v1 RM · 6d ago on Sep 26, 2026· 48m 3s· 2 players
Game mode
Random Map
Map size
Tiny (2 player)
Population
200
Speed
Normal
Resources
Standard
Victory
Conquest
Starting age
Dark Age
Ending age
Imperial Age
RankedLock teamsTeams togetherTeam positionsShared explorationLock speedFull tech treeHidden civsTurbo modeCheats
Victory
Defeat
🇺🇸 Armenians · United States
1708
+11
🇸🇰 Hindustanis · Slovakia
1593
-11
de_Sade
6:26 Loom
9:14 Feudal Age
10:01 Double-Bit Axe
13:13 Horse Collar
14:43 Fletching
22:57 Castle Age
21:38 Padded Archer Armor
23:19 Crossbowman
23:58 Bodkin Arrow
23:27 Elite Skirmisher
27:43 Wheelbarrow
29:46 Ballistics
31:50 Thumb Ring
32:23 Bow Saw
33:44 Leather Archer Armor
35:14 Hand Cart
39:17 Town Watch
41:03 Forging
45:24 Imperial Age
43:45 Heavy Plow
47:28 Chemistry
NoWallingPlz
6:46 Loom
9:02 Feudal Age
9:27 Man-at-Arms
10:00 Double-Bit Axe
14:56 Fletching
16:02 Scale Mail Armor
16:11 Padded Archer Armor
16:49 Scale Mail Armor
17:36 Long Swordsman
19:27 Wheelbarrow
22:36 Castle Age
21:53 Forging
23:32 Chain Mail Armor
22:40 Two-Handed Swordsman
24:06 Bow Saw
24:05 Gambesons
26:10 Town Watch
33:52 Bodkin Arrow
35:12 Squires
36:25 Hand Cart
40:30 Imperial Age
42:09 Plate Mail Armor
43:27 Champion
47:00 Fereters
Connection lost

Rejoining the realm…

Still unreachable

The connection could not be restored.

Session expired

The server has moved on; the page needs a fresh start.